 Dungeon Crawl Stone Soup version 0.31-a0-1529-g7bd419a0e5 (webtiles) character file.

Game seed: 9895552903866424100

1078 Lavandula the Grappler (level 8, 0/54 HPs)
             Began as a Formicid Shapeshifter on Dec 31, 2023.
             Slain by an ice beast (12 damage)
             ... on level 6 of the Dungeon.
             The game lasted 00:11:15 (5323 turns).

Lavandula the Grappler (Formicid Shapeshifter)      Turns: 5323, Time: 00:11:16

Health: 0/54       AC:  2    Str: 21    XL:     8   Next: 54%
Magic:  5/8        EV: 12    Int: 10    God:
Gold:   317        SH:  0    Dex: 19    Spells: 4/7 levels left

rFire   . .          .
                       - Unarmed
rCold   . . .        (no shield)
rNeg    . . .        a - +0 animal skin
rPois   .            (helmet unavailable)
rElec   .            (cloak currently unavailable)
rCorr   .            (gloves currently unavailable)
SInv    +            (boots currently unavailable)
Will    .....        (no amulet)
Stlth   ++           u - +6 ring of dexterity
HPRegen 0.29/turn    (no ring)
MPRegen 0.11/turn

%: no passive effects
@: beast-form, fugue
A: beast (slay +2), permanent stasis, dig shafts and tunnels, antennae 3, four
strong arms
a: Dig, Shaft Self, Begin Untransformation


You were on level 6 of the Dungeon.
You were a hulking beast.
You visited 2 branches of the dungeon, and saw 7 of its levels.

You collected 317 gold pieces.

Inventory:

Armour
 a - a +0 animal skin (worn)
 b - a +0 pair of gloves
Jewellery
 u - a +6 ring of dexterity (left hand)
Talismans
 c - a beast talisman
 d - a flux talisman
 k - a storm talisman
 n - a maw talisman
Wands
 p - a wand of flame (13)
 q - a wand of roots (6)
Scrolls
 e - a scroll of noise {unknown}
 f - 3 scrolls of teleportation {unknown}
 g - a scroll of enchant armour
 i - 4 scrolls of fog
 j - 3 scrolls of poison {unknown}
 l - 6 scrolls of revelation
 t - a scroll of butterflies {unknown}
 v - a scroll of enchant weapon {unknown}
Potions
 h - a potion of degeneration
 m - 3 potions of heal wounds
 o - a potion of might
 r - a potion of brilliance {unknown}
 s - a potion of curing {unknown}


   Skills:
 - Level 1.1 Fighting
 - Level 1.7 Dodging
 - Level 8.4 Unarmed Combat
 + Level 4.5 Necromancy
 - Level 4.1 Shapeshifting


You had 4 spell levels left.
You knew the following spells:

 Your Spells              Type           Power      Damage    Failure   Level
a - Fugue of the Fallen   Necr           9%         N/A       19%         3

Your spell library contained the following spells:

 Spells                   Type           Power      Damage    Failure   Level
 Necrotise                Necr           36%        1d5       6%          1
 Vampiric Draining        Necr           9%         2d6       19%         3
 Apportation              Tloc           0%         N/A       36%         1
 Slow                     Hex            0%         N/A       36%         1
 Jinxbite                 Hex            0%         N/A       50%         2
 Animate Dead             Necr           9%         N/A       52%         4
 Confusing Touch          Hex            0%         N/A       75%         3
 Ozocubu's Armour         Ice            0%         N/A       75%         3
 Sigil of Binding         Hex            0%         N/A       75%         3
 Iskenderun's Mystic Bla  Conj/Tloc      0%         2d3       98%         4
 Manifold Assault         Tloc           0%         N/A       98%         4
 Curse of Agony           Necr           9%         N/A       86%         5
 Alistair's Intoxication  Alch           0%         N/A       100%        5
 Freezing Cloud           Conj/Ice/Air   0%         6-21      100%        5
 Death Channel            Necr           4%         N/A       100%        6
 Borgnjor's Revivificati  Necr           4%         N/A       100%        8


Dungeon Overview and Level Annotations

Branches:
Dungeon (6/15)             Temple (1/1) D:4

Altars:
Ashenzari
Elyvilon
Fedhas
Gozag
Hepliaklqana
Kikubaaqudgha
Sif Muna
Trog
Wu Jian
Xom
Yredelemnul
Zin
The Shining One

Annotations:
D:3 1 runed translucent door, Crazy Yiuf
D:4 1 exclusion


Innate Abilities, Weirdness & Mutations

You are a hulking beast.
Your limbs bulge with bestial killing power. (Slay +2)
You cannot be hasted, slowed, berserked, paralysed or teleported.
You can dig through walls and to a lower floor.
You have a pair of large antennae on your head. (SInv)
Your four strong arms can wield two-handed weapons with a shield.


Message History

Unknown command.
You hit the ice beast. You punch the ice beast.
The ice beast is moderately wounded.
The ice beast hits you. The ice beast freezes you!
You hit the ice beast but do no damage.
The ice beast is moderately wounded.
You feel sick.
You are no longer poisoned.
You closely miss the ice beast.
The ice beast is moderately wounded.
The ice beast hits you. The ice beast freezes you.
You barely miss the ice beast.
The ice beast is moderately wounded.
The ice beast hits you but does no damage.
You punch the ice beast!
The ice beast is heavily wounded.
The ice beast hits you. The ice beast freezes you!
* * * LOW HITPOINT WARNING * * *
Aiming: Fastroot
Press: ? - help, Shift-Dir - straight line, f - ice beast
Aim: an ice beast (heavily wounded)
The roots erupt in riotous growth!
Roots grab the ice beast.
The grasping roots constrict the ice beast.
The ice beast closely misses you.
Unknown command.
The grasping roots constrict the ice beast.
The roots release their grip on the ice beast.
You see here an adder corpse.
Unknown command.
Aiming: Fastroot
Press: ? - help, Shift-Dir - straight line, f/p - ice beast
Aim: an ice beast (almost dead)
The roots erupt in riotous growth!
Roots grab the ice beast.
The grasping roots constrict the ice beast.
The ice beast hits you.
* * * LOW HITPOINT WARNING * * *
The ice beast freezes you!
You die...

......._.........##
......#.#.........##
####..†............#
...................#
######.###.........#
#.# ##.......## #†#
##.....## #.#
##....# ######.#
####h# ...<...# #Y#
######## #.# #.# #$#
#.# ..# ###


You could see an ice beast (rooted).

Vanquished Creatures
  An ogre (D:4)
  A phantom (D:5)
  A centaur (D:5)
  A necrophage (D:4)
  A scorpion (D:5)
  4 hounds
  A human zombie (D:4)
  A jelly (D:6)
  An orc priest (D:5)
  6 iguanas
  Terence (D:3)
  A sleepcap (D:5)
  Natasha (thrice) (D:3)
  3 gnolls
  10 adders
  2 ufetubi (D:6)
  3 dart slugs (D:3)
  2 ribbon worms (D:3)
  8 orcs
  7 ball pythons
  5 bats
  8 endoplasms
  3 giant cockroaches
  9 goblins
  5 hobgoblins
  3 jackals (D:4)
  A quokka (D:3)
  5 frilled lizards
  9 kobolds
  5 rats
111 creatures vanquished.

Notes
Turn   | Place    | Note
-------+----------+-------------------------------------------
     0 | D:1      | Lavandula the Formicid Shapeshifter began the quest for the
                  | Orb.
     0 | D:1      | Reached XP level 1. HP: 15/15 MP: 1/1
    93 | D:1      | Reached XP level 2. HP: 21/21 MP: 2/2
   105 | D:1      | Got the Lessons on Exhumation
   620 | D:1      | Reached skill level 4 in Unarmed Combat
   620 | D:1      | Reached XP level 3. HP: 24/26 MP: 3/3
  1002 | D:2      | Reached XP level 4. HP: 26/32 MP: 4/4
  1208 | D:2      | Found an ornate altar of the Wu Jian Council.
  1234 | D:2      | Reached skill level 5 in Unarmed Combat
  1308 | D:3      | Noticed Terence
  1610 | D:2      | Reached XP level 5. HP: 15/37 MP: 5/5
  1954 | D:3      | Noticed Natasha
  1962 | D:3      | Killed Natasha
  2075 | D:3      | Reached skill level 6 in Unarmed Combat
  2108 | D:3      | Killed Terence
  2303 | D:3      | Noticed Natasha
  2311 | D:3      | Killed Natasha
  2312 | D:3      | Reached XP level 6. HP: 43/43 MP: 6/6
  2383 | D:3      | Found a shimmering blue altar of Sif Muna.
  2407 | D:3      | Noticed Natasha
  2589 | D:3      | Killed Natasha
  2633 | D:3      | Got the Elucidation of the Doomed Fifth Circle
  2657 | D:3      | Found an opulent altar of Gozag.
  3030 | D:3      | Found a runed translucent door.
  3031 | D:3      | Noticed Crazy Yiuf
  3132 | D:4      | Found a staircase to the Ecumenical Temple.
  3151 | D:4      | Reached skill level 7 in Unarmed Combat
  3221 | Temple   | Entered the Ecumenical Temple
  3243 | D:4      | Reached XP level 7. HP: 18/48 MP: 7/7
  3878 | D:4      | Found an ancient bone altar of Kikubaaqudgha.
  4074 | D:5      | Entered Level 5 of the Dungeon
  4098 | D:5      | Reached skill level 8 in Unarmed Combat
  4311 | D:5      | Reached XP level 8. HP: 43/54 MP: 8/8
  4315 | D:5      | Learned a level 3 spell: Fugue of the Fallen
  4324 | D:5      | Reached skill level 1 in Necromancy
  4997 | D:5      | Found a bloodstained altar of Trog.
  5031 | D:6      | Found a glowing silver altar of Zin.
  5323 | D:6      | Slain by an ice beast

Illustrated notes

Levels and vault maps discovered:
D:1:      erik_arrival_orb_chamber, layout_basic, serial_bayou_crossing
D:2:      layout_rooms, basic_altar, minmay_splitting_lines, st_stairs_9
D:3:      layout_basic, mainiacjoe_overflow_small_starburst,
          mainiacjoe_overflow_surrounded_room, grunt_ministairs_15,
          uniq_natasha, uniq_crazy_yiuf_cottage, uniq_terence
D:4:      layout_basic, lemuel_mausoleum_altar_kikubaaqudgha,
          minmay_temple_entry_mist
D:5:      layout_loops_cross, lightli_temple_of_fire
D:6:      layout_loops_ring, nicolae_uskayaw_murder_on_the_dancefloor,
          chei_slow_surprise, lemuel_crystal_altar, minmay_misc_feat_iff
Temple:   nicolae_temple_superstar

Skill      XL: |  1  2  3  4  5  6  7  8 |
---------------+-------------------------+-----
Unarmed Combat | 4 5 6 7 8 |  8.4
Shapeshifting  | 4 |  4.1
Necromancy     | 4 |  4.5
Fighting       | |  1.1
Dodging        | |  1.7

Action                     |  1- 3 |  4- 6 |  7- 9 || total
---------------------------+-------+-------+-------++-------
  Melee: Unarmed           |    86 |   133 |   111 ||   330
         Punch             |     2 |     4 |     5 ||    11
   Cast: Fugue of the Fall |       |       |     3 ||     3
  Evoke: Wand              |       |     4 |     6 ||    10
    Use: Potion            |       |     2 |       ||     2
         Scroll            |       |     2 |     3 ||     5
   Stab: Sleeping          |       |     3 |     2 ||     5
 Armour: Animal skin       |    36 |    58 |    55 ||   149
         Skin              |       |     1 |       ||     1
  Dodge: Dodged            |    59 |    67 |    53 ||   179

Table legend: (Time is in decaauts)
 A = Elapsed time spent in this place.
 B = Non-inter-level travel time spent in this place.
 C = Inter-level travel time spent in this place.
 D = Time resting spent in this place.
 E = Time spent auto-exploring this place.
 F = Levels seen in this place.
 G = Mean time per level.
                   A        B        C        D        E       F      G
               +--------+--------+--------+--------+--------+-----+--------+
         Total |   5303 |   5090 |    213 |    993 |   3180 |   7 |  757.6 |
       Dungeon |   5301 |   5089 |    212 |    993 |   3180 |   6 |  883.5 |
        Temple |      1 |      0 |      1 |      0 |      0 |   1 |    1.0 |
               +--------+--------+--------+--------+--------+-----+--------+

Top non-repeatable levels by time:
     D:3: 1202 daAuts
     D:1: 1131 daAuts
     D:4: 1004 daAuts
     D:5: 945 daAuts
     D:2: 726 daAuts
     D:6: 292 daAuts
  Temple: 1 daAuts
